 Dungeon Crawl Stone Soup version 0.27-a0-1158-gaa87e14f67 (webtiles) character file.

Game seed: 9804247243670848154

40 Gorglomux the Skirmisher (level 3, 0/20 HPs)
             Began as a Vine Stalker Warper on May 15, 2021.
             Slain by an orc
             ... wielding a +1 hand axe of flaming
              (1 damage)
             ... on level 3 of the Dungeon.
             The game lasted 00:01:14 (1724 turns).

Gorglomux the Skirmisher (Vine Stalker Warper)      Turns: 1724, Time: 00:01:14

Health: 0/20       AC:  4    Str: 14    XL:     3   Next: 50%
Magic:  0/7        EV: 11    Int: 19    God:
Gold:   70         SH:  0    Dex: 13    Spells: 4/6 levels left

rFire    . . .     SeeInvis .   a - +0 short sword
rCold    + . .     Faith    .   (no shield)
rNeg     . . .     Spirit   +   b - +0 leather armour
rPois    .         Reflect  .   (no helmet)
rElec    .         Harm     .   j - +0 cloak
rCorr    .         Rampage  .   (no gloves)
Will     .....                  (no boots)
Stlth    +.........             (no amulet)
HPRegen  0.06/turn              e - +6 ring of intelligence
MPRegen  0.10/turn              c - ring of protection from cold

@: no status effects
A: fangs 2, magic shield, antimagic bite, no potion heal 2
a: no special abilities


You were on level 3 of the Dungeon.
You visited 1 branch of the dungeon, and saw 3 of its levels.

You collected 70 gold pieces.

Inventory:

Hand Weapons
 a - a +0 short sword (weapon)
Missiles
 d - 56 stones
 K - 2 boomerangs of dispersal (quivered)
Armour
 b - a +0 leather armour (worn)
 j - a +0 cloak (worn)
Jewellery
 c - a ring of protection from cold (right hand)
 e - a +6 ring of intelligence (left hand)
Scrolls
 f - 5 scrolls of fear {unknown}
 g - a scroll of magic mapping {unknown}
 k - a scroll of identify {unknown}
 n - a scroll of holy word {unknown}
 o - a scroll of amnesia {unknown}
 p - a scroll of torment {unknown}
 q - a scroll of noise {unknown}
 B - a scroll of blinking
Potions
 h - a potion of lignification {unknown}
 i - a potion of attraction {unknown}
 l - a potion of mutation {unknown}
 m - a potion of berserk rage {unknown}


   Skills:
 + Level 3.4 Fighting
 - Level 1.7 Short Blades
 - Level 0.8 Throwing
 - Level 0.7 Armour
 - Level 1.5 Dodging
 - Level 2.1 Spellcasting
 - Level 3.0 Translocations


You had 4 spell levels left.
You knew the following spells:

 Your Spells              Type           Power      Damage    Failure   Level
d - Blink                 Tloc           N/A        N/A       10%         2

Your spell library contained the following spells:

 Spells                   Type           Power      Damage    Failure   Level
 Gell's Gravitas          Tloc           6%         N/A       19%         3
 Lesser Beckoning         Tloc           6%         N/A       19%         3
 Teleport Other           Tloc           13%        N/A       19%         3
 Manifold Assault         Tloc           13%        N/A       86%         5


Dungeon Overview and Level Annotations

Branches:
Dungeon (3/15)

Altars:


Innate Abilities, Weirdness & Mutations

You have extremely sharp teeth.
When hurt, damage is shared between your health and your magic reserves.
Your bite disrupts and absorbs the magic of your enemies.
Potions cannot restore your health.


Message History

The orc is moderately wounded.
The orc barely misses you.
You hit the orc but do no damage.
The orc is moderately wounded.
The orc hits you with a +1 hand axe of flaming.
The orc burns you.
You hit the orc but do no damage. Your bite misses the orc.
The orc is moderately wounded.
The orc hits you with a +1 hand axe of flaming.
The orc burns you.
You hit the orc but do no damage.
The orc is moderately wounded.
The orc closely misses you.
You barely miss the orc. Your bite misses the orc.
The orc is moderately wounded.
The orc hits you with a +1 hand axe of flaming.
The orc burns you.
You barely miss the orc. You bite the orc, but do no damage.
The orc is moderately wounded.
The orc barely misses you.
You completely miss the orc. You bite the orc, but do no damage.
The orc is moderately wounded.
The orc barely misses you.
You barely miss the orc.
The orc is moderately wounded.
The orc hits you with a +1 hand axe of flaming.
The orc burns you.
You closely miss the orc.
The orc is moderately wounded.
The orc hits you with a +1 hand axe of flaming.
* * * LOW HITPOINT WARNING * * *
The orc burns you.
* * * LOW HITPOINT WARNING * * *
Casting: Blink (safe; 10% risk of failure)
Confirm with . or Enter, or press ? or * to list all spells.
Okay, then.
A bat comes into view.
The bat closely misses you. The bat closely misses you.
Throw: 3 boomerangs (disperse)
Press: ? - help, Q - select action, (/) - cycle Shift-Dir - straight line, f - orc
Aim: an orc, wielding a +1 hand axe of flaming and wearing a +0 chain mail (moderately wounded, 65% to hit)
You throw a boomerang of dispersal.
The boomerang of dispersal hits the orc but does no damage.
The orc is moderately wounded.
The bat hits you.
* * * LOW HITPOINT WARNING * * *
The orc hits you with a +1 hand axe of flaming.
The orc burns you.
You die...

#....##?##
#........#
##........#
#....#....#
#...<#......
########....#
..#..
#...........#
....>
#.....o...###
....
#.....@.b.#
....
#.......(.#
#.........#
#.........#
#.........#
###########


You could see an orc and a bat.

Vanquished Creatures
  An adder (D:2)
  2 ball pythons (D:1)
  4 endoplasms (D:2)
  3 goblins
  3 hobgoblins
  7 jackals
  2 quokkas (D:1)
  A bat (D:1)
  3 rats (D:1)
26 creatures vanquished.

Notes
Turn   | Place    | Note
-------+----------+-------------------------------------------
     0 | D:1      | Gorglomux the Vine Stalker Warper began the quest for the
                  | Orb.
     0 | D:1      | Reached XP level 1. HP: 11/11 MP: 4/4
   144 | D:1      | Reached XP level 2. HP: 16/16 MP: 6/6
   147 | D:1      | Learned a level 2 spell: Blink
   163 | D:1      | Found a faded altar of an unknown god.
   795 | D:2      | Reached skill level 3 in Fighting
   885 | D:2      | Reached XP level 3. HP: 13/20 MP: 4/7
  1724 | D:3      | HP: 1/20 [bat (1)]
  1724 | D:3      | Slain by an orc

Illustrated notes

Levels and vault maps discovered:
D:1:      psy_arrival_wood_between_worlds, layout_loops_ring,
          ebering_ecumenical_altar_abandoned
D:2:      layout_loops_ring, minivault_25
D:3:      layout_basic, minmay_misc_feat_room, minmay_surrounded, uniq_terence,
          uniq_purgy, uniq_crazy_yiuf_cottage

Skill      XL: |  1  2 |
---------------+-------+-----
Fighting       | 2 3 |  3.4
Short Blades   | |  1.7
Throwing       | |  0.8
Armour         | |  0.7
Dodging        | |  1.5
Spellcasting   | |  2.1
Translocations | |  3.0

Action                   || total
-------------------------++-------
Melee: Short sword       ||   113
       Bite              ||    23
Throw: Boomerang         ||     3
 Stab: Sleeping          ||     1
Armor: Leather armour    ||    34
Dodge: Dodged            ||    61

Table legend: (Time is in decaauts)
 A = Elapsed time spent in this place.
 B = Non-inter-level travel time spent in this place.
 C = Inter-level travel time spent in this place.
 D = Time resting spent in this place.
 E = Time spent auto-exploring this place.
 F = Levels seen in this place.
 G = Mean time per level.
                   A        B        C        D        E       F      G
               +--------+--------+--------+--------+--------+-----+--------+
         Total |   1724 |   1643 |     81 |      0 |   1408 |   3 |  574.7 |
       Dungeon |   1724 |   1643 |     81 |      0 |   1408 |   3 |  574.7 |
               +--------+--------+--------+--------+--------+-----+--------+

Top non-repeatable levels by time:
     D:2: 1002 daAuts
     D:1: 700 daAuts
     D:3: 21 daAuts
